 Dungeon Crawl Stone Soup version 0.21.0-3-g78d12a8bdd (webtiles) character file.

57538 Principatus the Severer (level 14, -13/127 HPs)
             Began as a Minotaur Fighter on Jan 9, 2018.
             Was the Champion of Makhleb.
             Mangled by a sun demon (18 damage)
             ... summoned by an orc sorcerer
             ... on level 2 of the Orcish Mines on Jan 11, 2018.
             The game lasted 01:20:00 (20108 turns).

Principatus the Severer (Minotaur Fighter)         Turns: 20108, Time: 01:20:01

Health: -13/127    AC: 17    Str: 21    XL:     14   Next: 46%
Magic:  21/21      EV:  6    Int:  5    God:    Makhleb [******]
Gold:   1692       SH: 14    Dex: 15    Spells: 13/13 levels left

rFire    . . .     SeeInvis .   S - +0 war axe (elec)
rCold    . . .     Gourm    .   c - +1 shield
rNeg     . . .     Faith    .   K - +3 plate armour
rPois    +         Spirit   .   (helmet restricted)
rElec    .         Reflect  .   (no cloak)
rCorr    .         Harm     .   a - +0 pair of gloves (curse)
MR       ++...                  (no boots)
Stlth    ..........             l - amulet of regeneration
HPRegen  0.71/turn              N - ring of poison resistance
MPRegen  0.17/turn              g - ring of protection from magic

@: drained
A: retaliatory headbutt, horns 2
a: Minor Destruction, Lesser Servant of Makhleb, Major Destruction, Greater
Servant of Makhleb, Renounce Religion


You were on level 2 of the Orcish Mines.
You worshipped Makhleb.
Makhleb was exalted by your worship.
You were hungry.

You visited 5 branches of the dungeon, and saw 22 of its levels.

You collected 1796 gold pieces.
You spent 104 gold pieces at shops.

Inventory:

Hand Weapons
 I - a +2 battleaxe of flaming
 S - a +0 war axe of electrocution (weapon)
 Y - a +3 battleaxe of electrocution
Missiles
 x - 4 javelins (quivered)
 F - 16 tomahawks
Armour
 a - a cursed +0 pair of gloves (worn)
 c - a +1 shield (worn)
 p - a +1 scale mail of fire resistance
 v - a +0 plate armour
 K - a +3 plate armour (worn)
Jewellery
 g - a ring of protection from magic (right hand)
 j - an uncursed ring of protection from cold
 l - an amulet of regeneration (around neck)
 B - an uncursed ring of flight
 N - a ring of poison resistance (left hand)
 T - an uncursed ring of ice {unknown}
Wands
 b - a wand of scattershot (3)
 L - a wand of digging (12)
 M - a wand of flame (26)
 W - a wand of disintegration (10)
Scrolls
 e - 4 scrolls of enchant weapon {unknown}
 m - 2 scrolls of teleportation
 n - 3 scrolls of identify
 t - a scroll of acquirement {unknown}
 w - 13 scrolls of remove curse
 y - 3 scrolls of magic mapping
 z - a scroll of fear {unknown}
 A - a scroll of silence {unknown}
 C - 2 scrolls of blinking {unknown}
 G - 7 scrolls of enchant armour
 J - 5 scrolls of immolation
 Q - 3 scrolls of fog {unknown}
 X - 2 scrolls of amnesia {unknown}
Potions
 d - a potion of might
 h - 3 potions of heal wounds
 k - 3 potions of berserk rage
 o - 2 potions of cancellation
 q - 4 potions of curing
 r - 2 potions of lignification
 s - 4 potions of haste
 u - 3 potions of magic
 D - 2 potions of flight
 H - 2 potions of mutation
 O - 2 potions of invisibility
 P - 4 potions of brilliance
Books
 i - a book of Clouds

   Spells                             Type                      Level
   a - Poisonous Vapours              Poison/Air                   2
   b - Mephitic Cloud                 Conjuration/Poison/Air       3
   c - Conjure Flame                  Conjuration/Fire             3
   d - Freezing Cloud                 Conjuration/Ice/Air          6
   e - Ring of Flames                 Charms/Fire                  7
 E - a book of Maledictions

   Spells                             Type                      Level
   a - Corona                         Hexes                        1
   b - Ensorcelled Hibernation        Hexes/Ice                    2
   c - Confuse                        Hexes                        3
   d - Tukima's Dance                 Hexes                        3
   e - Dazzling Spray                 Conjuration/Hexes            3
 U - a book of Misfortune

   Spells                             Type                      Level
   a - Confusing Touch                Hexes                        1
   b - Confuse                        Hexes                        3
   c - Gell's Gravitas                Translocation                3
   d - Petrify                        Transmutation/Earth          4
   e - Metabolic Englaciation         Hexes/Ice                    5
   f - Yara's Violent Unravelling     Hexes/Transmutation          5
 Z - a book of Party Tricks

   Spells                             Type                      Level
   a - Summon Butterflies             Summoning                    1
   b - Apportation                    Translocation                1
   c - Lesser Beckoning               Translocation                3
   d - Tukima's Dance                 Hexes                        3
   e - Alistair's Intoxication        Transmutation/Poison         5
   f - Invisibility                   Hexes                        6
Miscellaneous
 R - a fan of gales
Comestibles
 f - 28 rations
 V - a chunk of flesh


   Skills:
 + Level 12.4(11.0) Fighting
 - Level 18.0(16.4) Axes
 - Level 8.4(7.2) Armour
 + Level 14.6(13.2) Shields
 + Level 10.8(9.4) Invocations


You had 13 spell levels left.
You didn't know any spells.

Dungeon Overview and Level Annotations

Branches:
Dungeon (12/15)            Temple (1/1) D:7            Lair (6/6) D:10
  Swamp (0/4) Lair:2        Snake (1/4) Lair:2        Slime (0/5) Lair:6
    Orc (2/2) D:10            Elf (0/3) Orc:2

Altars:
Ashenzari
Cheibriados
Dithmenos
Elyvilon
Fedhas
Gozag
Kikubaaqudgha
Makhleb
Okawaru
Qazlal
Sif Muna
Trog
Uskayaw
Vehumet
Wu Jian
Xom
Yredelemnul
Zin
The Shining One
Beogh

Shops:
D:4 %   D:5 !   D:6 (   D:7 *%   D:10 *   Orc:2 *(%

Annotations:
Lair:4 exclusion: 2 oklob plants
Orc:2 1 exclusion


Innate Abilities, Weirdness & Mutations

You reflexively headbutt those who attack you in melee.
You have a pair of horns on your head.


Message History

* * * LOW HITPOINT WARNING * * *
The orc wizard gestures wildly while chanting.
The orc wizard blinks!
You hit the orc sorcerer but do no damage.
Lightning courses through the orc sorcerer!
The orc sorcerer is almost dead.
You completely miss the soul eater. You hit the sun demon but do no damage.
You block the sun demon's attack.
The soul eater draws from the surrounding life force!
* * * LOW HITPOINT WARNING * * *
The soul eater is healed.
You miss the orc sorcerer. Your headbutt misses the orc sorcerer.
The orc sorcerer is almost dead.
You hit the soul eater but do no damage.
Lightning courses through the soul eater!
You closely miss the sun demon. You block the orc sorcerer's attack.
The sun demon hits you!
* * * LOW HITPOINT WARNING * * *
You are engulfed in flames!!
You die...

...#
##.#.......................
.....
##........................
......
##.#.....................
.....##
##...................(...
.#.###
##.....................(((
##.##.....######..#######.###.
#.........#∩...#..# #.# #.
#...#.....#§33)# ####.###.
..........#.o@.# ........
#.........###)##..# #.....
.##...........o...# #..)..
..........###+###.# #..†..
..........# .###.###.###)
..........# .......))#...
#.........# .###.###)#...
.......#..# # #)#.._
.........# ###.###.####


You could see a soul eater, a sun demon, an orc sorcerer and an orc wizard.

Vanquished Creatures
  Rupert (Lair:4)
  6 dire elephants (Lair:6)
  7 hydras
  Erica (D:10)
  An anaconda (Lair:6)
  5 death yaks
  2 two-headed ogres
  An unseen horror (D:11)
  5 orc sorcerers (Orc:2)
  3 orc knights (Orc:1)
  15 elephants
  Psyche (D:9)
  11 black mambas
  9 spiny frogs
  2 centaur skeletons
  8 komodo dragons
  A rime drake (Lair:2)
  6 polar bears
  A hornet (D:10)
  3 trolls
  8 blink frogs
  4 hippogriffs
  A wyvern (Lair:3)
  32 yaks
  A human (D:7)
  2 basilisks
  A steam dragon (D:10)
  2 hungry ghosts
  3 nagas (Lair:2)
  6 wargs
  12 water moccasins
  5 porcupines
  4 sky beasts
  5 ice beasts
  16 orc warriors
  2 eyes of draining
  2 black bears
  8 ogres
  3 phantoms
  7 wolves
  3 centaurs
  10 crocodiles
  12 bullfrogs
  2 scorpions
  7 wights
  2 electric eels
  2 centaur zombies
  9 crimson imps
  2 quasits
  A bullfrog skeleton (D:6)
  A gnoll shaman (Orc:2)
  7 hounds
  14 orc priests
  37 orc wizards
  2 human skeletons (D:6)
  Natasha (twice) (D:2)
  4 iguanas
  5 worker ants
  A hound skeleton (D:4)
  3 worker ant zombies
  12 adders
  12 gnolls
  3 shadow imps
  An ooze (D:2)
  2 adder skeletons
  2 adder zombies
  A dart slug (D:1)
  11 leopard geckos
  80 orcs
  A ball python (D:3)
  7 giant cockroaches
  10 goblins
  3 hobgoblins (D:3)
  9 jackals
  3 quokkas
  7 bats
  3 frilled lizards
  A goblin zombie (D:6)
  4 kobolds
  A leopard gecko zombie (D:9)
  3 quokka skeletons
  7 rats
  A fungus (Lair:6)
  5 plants
528 creatures vanquished.

Vanquished Creatures (others)
  A worker ant (D:7)
  2 adders (D:7)
  12 fungi
  6 plants
21 creatures vanquished.

Grand Total: 549 creatures vanquished

Notes
Turn   | Place    | Note
-------+----------+-------------------------------------------
     0 | D:1      | Principatus the Minotaur Fighter began the quest for the Orb.
     0 | D:1      | Reached XP level 1. HP: 19/19 MP: 0/0
   219 | D:1      | Reached XP level 2. HP: 27/27 MP: 1/1
   987 | D:2      | Reached skill level 3 in Axes
   987 | D:2      | Reached XP level 3. HP: 32/33 MP: 2/2
  1154 | D:2      | Reached XP level 4. HP: 40/40 MP: 3/3
  1167 | D:2      | Noticed Natasha
  1191 | D:2      | Killed Natasha
  1319 | D:2      | Noticed Natasha
  1327 | D:2      | Killed Natasha
  1442 | D:3      | Reached XP level 5. HP: 47/47 MP: 4/4
  1444 | D:3      | Found a blossoming altar of Fedhas.
  1452 | D:3      | Found a glowing silver altar of Zin.
  1452 | D:3      | Noticed an angel
  1592 | D:3      | Reached skill level 4 in Axes
  1721 | D:3      | Reached skill level 5 in Fighting
  1721 | D:3      | Reached skill level 5 in Armour
  1723 | D:3      | Reached skill level 5 in Shields
  1887 | D:3      | Found an iron altar of Okawaru.
  1982 | D:3      | Reached XP level 6. HP: 56/56 MP: 5/5
  2704 | D:4      | Reached skill level 5 in Axes
  2715 | D:4      | Reached XP level 7. HP: 50/62 MP: 6/6
  2757 | D:4      | Found Bomn's Food Shoppe.
  3041 | D:5      | Entered Level 5 of the Dungeon
  3129 | D:5      | Found Aquis's Distillery.
  3136 | D:5      | Bought a potion of curing for 39 gold pieces
  3136 | D:5      | Bought a potion of heal wounds for 65 gold pieces
  3171 | D:5      | Found a shimmering altar of Xom.
  3748 | D:6      | Reached skill level 6 in Axes
  3756 | D:5      | Reached XP level 8. HP: 67/71 MP: 7/7
  4086 | D:6      | Found a runed door.
  4088 | D:6      | Found a basalt altar of Yredelemnul.
  4184 | D:6      | Found Wuukk's Antique Weapon Shop.
  4387 | D:7      | Found a staircase to the Ecumenical Temple.
  4403 | D:6      | Reached skill level 7 in Axes
  4419 | D:7      | Found Xoinuvo's Food Boutique.
  4550 | D:7      | Reached XP level 9. HP: 42/81 MP: 8/8
  4739 | D:7      | Found Gozag's Platinum Reserve.
  4742 | D:7      | Found an opulent altar of Gozag.
  5129 | D:7      | Reached skill level 8 in Axes
  5162 | Temple   | Entered the Ecumenical Temple
  5223 | Temple   | Became a worshipper of Makhleb the Destroyer
  5585 | D:8      | Reached skill level 1 in Invocations
  5892 | D:8      | Reached skill level 9 in Axes
  5934 | D:8      | Reached * piety under Makhleb
  6121 | D:8      | Found a snail-covered altar of Cheibriados.
  6128 | D:8      | Found a stormy altar of Qazlal.
  6360 | D:9      | Reached XP level 10. HP: 90/90 MP: 11/11
  6363 | D:9      | Reached skill level 10 in Axes
  6529 | D:9      | Noticed a two-headed ogre
  6546 | D:9      | Killed a two-headed ogre
  6700 | D:9      | Noticed Psyche
  6713 | D:9      | Killed Psyche
  6713 | D:9      | Reached skill level 10 in Shields
  6777 | D:9      | Reached skill level 11 in Axes
  7033 | D:10     | Entered Level 10 of the Dungeon
  7141 | D:10     | Paralysed by a hornet for 2 turns
  7146 | D:10     | Reached ** piety under Makhleb
  7237 | D:10     | Noticed Erica
  7644 | D:10     | Found a staircase to the Orcish Mines.
  7699 | D:10     | Found Xohaff's Elemental Accessories.
  7744 | D:10     | Noticed a death yak
  7753 | D:10     | Noticed a death yak
  7754 | D:10     | Found a staircase to the Lair.
  7755 | D:10     | Noticed a death yak
  7755 | D:10     | Noticed a death yak
  7755 | D:10     | Noticed a death yak
  7820 | D:9      | Killed a death yak
  7820 | D:9      | Reached skill level 12 in Axes
  7820 | D:9      | Reached skill level 5 in Invocations
  8204 | D:9      | Killed a death yak
  8204 | D:9      | Reached XP level 11. HP: 52/95 MP: 12/14
  8326 | D:10     | Killed Erica
  8637 | D:10     | Killed a death yak
  8928 | D:9      | Killed a death yak
  9087 | D:10     | Killed a death yak
  9087 | D:10     | Reached skill level 13 in Axes
  9830 | D:11     | Noticed a two-headed ogre
  9840 | D:10     | Killed a two-headed ogre
 10372 | D:11     | Killed an unseen horror
 10577 | Lair:1   | Entered Level 1 of the Lair of Beasts
 10600 | Lair:1   | Reached skill level 14 in Axes
 10861 | Lair:1   | Reached *** piety under Makhleb
 11361 | Lair:2   | Reached XP level 12. HP: 103/103 MP: 16/16
 11421 | Lair:2   | Found a staircase to the Snake Pit.
 11441 | Snake:1  | Entered Level 1 of the Snake Pit
 11469 | Snake:1  | Noticed a naga warrior
 11561 | Lair:2   | Found a staircase to the Swamp.
 11762 | Lair:2   | Noticed a five-headed hydra
 11772 | Lair:2   | Killed a one-headed hydra
 11954 | Lair:2   | Reached skill level 15 in Axes
 12220 | Lair:2   | Found a deep blue altar of Sif Muna.
 12658 | Lair:3   | Reached **** piety under Makhleb
 12866 | Lair:3   | Noticed a four-headed hydra
 12909 | Lair:3   | Killed a one-headed hydra
 12965 | Lair:3   | Reached skill level 10 in Fighting
 13774 | Lair:4   | Noticed Rupert
 13811 | Lair:4   | Killed Rupert
 13811 | Lair:4   | Reached skill level 16 in Axes
 13811 | Lair:4   | Reached XP level 13. HP: 63/114 MP: 18/18
 14837 | Lair:5   | Reached ***** piety under Makhleb
 15938 | Lair:6   | Entered Level 6 of the Lair of Beasts
 16175 | Lair:6   | Reached skill level 17 in Axes
 16618 | Lair:6   | Reached skill level 10 in Invocations
 16765 | Lair:6   | Found a staircase to the Slime Pits.
 17326 | Lair:6   | Reached XP level 14. HP: 125/125 MP: 20/20
 18487 | Orc:1    | Entered Level 1 of the Orcish Mines
 19000 | Orc:2    | Entered Level 2 of the Orcish Mines
 19233 | Orc:2    | Reached ****** piety under Makhleb
 19723 | Orc:2    | Reached skill level 18 in Axes
 19786 | Orc:2    | Found a staircase to the Elven Halls.
 19906 | Orc:2    | Found a roughly hewn altar of Beogh.
 19918 | Orc:2    | Found Qagg's Food Shoppe.
 19941 | Orc:2    | Found Ajivif's Weapon Shop.
 20069 | Orc:2    | Found a bloodstained altar of Trog.
 20091 | Orc:2    | Found Ufeweh's Assorted Antiques.
 20096 | Orc:2    | Paralysed by an orc sorcerer for 2 turns
 20108 | Orc:2    | HP: 5/127 [sun demon[an orc sorcerer] (14)]
 20108 | Orc:2    | Mangled by a sun demon

Skill      XL: |  1  2  3  4  5  6  7  8  9 10 11 12 13 14 |
---------------+-------------------------------------------+-----
Fighting       | 4 5 6 7 8 10 11 12 | 12.4
Shields        | 4 5 6 7 9 10 12 13 14 | 14.6
Armour         | 4 5 6 7 8 |  8.4
Axes           | 3 4 5 6 7 9 12 14 16 17 18 | 18.0
Invocations    | 3 5 7 8 10 | 10.8

Action                   |  1- 3 |  4- 6 |  7- 9 | 10-12 | 13-15 || total
-------------------------+-------+-------+-------+-------+-------++-------
Melee: War axe           |    53 |   152 |   412 |   203 |   193 ||  1013
       Headbutt          |     5 |    26 |    83 |   207 |   188 ||   509
       Broad axe         |       |       |       |   518 |   404 ||   922
       Scimitar          |       |       |       |    12 |    39 ||    51
       Battleaxe         |       |       |       |       |    71 ||    71
Throw: Stone             |     3 |       |       |     1 |       ||     4
       Javelin           |       |       |       |     9 |     2 ||    11
Invok: Lesser Servant of |       |       |       |       |     1 ||     1
Evoke: Wand              |       |       |     1 |     9 |     4 ||    14
  Use: Scroll            |       |       |    10 |     7 |     1 ||    18
       Potion            |       |       |       |     3 |     4 ||     7
 Stab: Paralysed         |       |       |     2 |       |       ||     2
  Eat: Chunk             |     1 |     5 |    10 |    22 |    17 ||    55
       Ration            |       |       |     1 |     1 |     1 ||     3
Armor: Scale mail        |    17 |    42 |       |       |       ||    59
       Plate armour      |       |    38 |   261 |   278 |   302 ||   879
Dodge: Dodged            |    17 |    39 |    81 |   108 |   115 ||   360
Block: Shield            |    28 |    81 |   274 |   404 |   456 ||  1243
       Rpst.: Scimitar   |       |       |       |       |     1 ||     1
